 Dungeon Crawl Stone Soup version 0.27-a0-732-ga892ba84f6 (webtiles) character file.

Game seed: 17520968401710277491

306 robertstho the Sneak (level 6, -2/43 HPs)
             Began as an Octopode Berserker on Mar 23, 2021.
             Was a Believer of Trog.
             Slain by a sky beast (6 damage)
             ... on level 4 of the Dungeon.
             The game lasted 00:02:41 (3197 turns).

robertstho the Sneak (Octopode Berserker)           Turns: 3197, Time: 00:02:41

Health: -2/43      AC:  1    Str: 18    XL:     6   Next: 39%
Magic:  15/15      EV: 14    Int:  9    God:    Trog [**....]
Gold:   156        SH:  0    Dex: 12    Spells: 5/5 levels left

rFire    . . .     SeeInvis .   a - +0 short sword
rCold    . . .     Faith    .   (no shield)
rNeg     . . .     Spirit   .   (helmet restricted)
rPois    .         Reflect  .   (no amulet)
rElec    .         Harm     .   g - ring of flight
rCorr    .         Rampage  .   l - ring of magical power
Will     .....                  (no ring)
Stlth    ++++......             (no ring)
HPRegen  0.14/turn              (no ring)
MPRegen  0.14/turn              (no ring)
                                (no ring)
                                (no ring)

@: berserk cooldown, slowed, very slow
A: almost no armour, amphibious, 8 rings, camouflage 1, gelatinous body 1,
nimble swimmer 1, tentacles
a: Renounce Religion, Evoke Flight, Berserk, Trog's Hand


You were on level 4 of the Dungeon.
You worshipped Trog.
Trog was pleased with you.
You visited 1 branch of the dungeon, and saw 4 of its levels.

You collected 156 gold pieces.

Inventory:

Hand Weapons
 a - a +0 short sword (weapon)
Jewellery
 g - a ring of flight (left tentacle)
 l - a ring of magical power (right tentacle)
Scrolls
 b - a scroll of amnesia {unknown}
 d - 2 scrolls of identify {unknown}
 j - a scroll of magic mapping {unknown}
 m - a scroll of fear {unknown}
Potions
 c - 2 potions of curing {unknown}
 e - 2 potions of resistance {unknown}
 f - 2 potions of might {unknown}
 h - a potion of haste {unknown}
 i - a potion of invisibility {unknown}
 k - a potion of attraction {unknown}


   Skills:
 * Level 3.9 Fighting
 + Level 3.8 Short Blades
 * Level 4.0 Dodging
 * Level 6.0 Stealth


You had 5 spell levels left.
You didn't know any spells.
Your spell library was empty.

Dungeon Overview and Level Annotations

Branches:
Dungeon (4/15)
 Temple: D:4-7

Altars:
Dithmenos
Elyvilon
Kikubaaqudgha
Ru

Shops:
D:1 (


Innate Abilities, Weirdness & Mutations

You cannot wear most types of armour.
You are amphibious.
You can wear up to eight rings at the same time.
Your skin changes colour to match your surroundings (Stealth+).
Your rubbery body absorbs attacks. (AC +1, EV +1)
You are stealthy while swimming. (Stealth+)
You have tentacles for arms and can constrict up to eight enemies at once.


Message History

You completely miss the orc wizard. You grab the orc wizard.
You constrict the orc wizard. The orc misses you.
You puncture the orc wizard! You squeeze the orc wizard.
You kill the orc wizard!
Trog accepts your kill.
Trog appreciates your killing of a magic user.
You feel sick.
An ooze comes into view.
Your Stealth skill increases to level 6!
You barely miss the orc. You grab the orc. You constrict the orc.
The orc hits you with a +0 hand axe!
* * * LOW HITPOINT WARNING * * *
You hit the orc.
You kill the orc!
Trog accepts your kill.
You feel sick.
You puncture the orc!
You kill the orc!
Trog accepts your kill.
You feel sick.
You are no longer poisoned.
A sky beast comes into view.
Things that are here:
a +0 whip; a +0 dagger; a +0 robe You feel a strong urge to attack something.
You puncture the ooze!
You kill the ooze!
Trog accepts your kill.
You closely miss the sky beast. You puncture the sky beast!
Your squeeze misses the sky beast.
The sky beast is moderately wounded.
You are no longer berserk.
You are exhausted.
You feel yourself slow down. The sky beast misses you.
You hit the sky beast. You squeeze the sky beast.
The sky beast is severely wounded.
The sky beast hits you.
* * * LOW HITPOINT WARNING * * *
The sky beast shocks you.
You die...

........#. #.........
###......... ###
...............<. .
#..#...... ....... ...#
#......# #......#
...$.#......####......##
......Y@....##..........
.......$.)##.#........#
.........)...........##
......................#
.#..........##........#
#..........###......###
....
#......................
.....
....#..................
#...#..
....###.##.........$..


You could see a sky beast.

Vanquished Creatures
  A scorpion (D:4)
  An orc priest (D:4)
  An orc wizard (D:4)
  3 worker ants (D:4)
  7 adders
  2 dart slugs
  5 orcs
  3 ball pythons
  4 giant cockroaches
  3 goblins
  5 hobgoblins
  10 oozes
  2 quokkas (D:1)
  9 bats
  2 frilled lizards
  3 kobolds
  A quokka skeleton (D:4)
  4 rats
66 creatures vanquished.

Vanquished Creatures (others)
  A plant (D:3)
1 creature vanquished.

Grand Total: 67 creatures vanquished

Notes
Turn   | Place    | Note
-------+----------+-------------------------------------------
     0 | D:1      | robertstho the Octopode Berserker began the quest for the
                  | Orb.
     0 | D:1      | Reached XP level 1. HP: 16/16 MP: 1/1
   228 | D:1      | Reached XP level 2. HP: 21/21 MP: 2/2
   356 | D:1      | Found Kohunlet's Weapon Shoppe.
   622 | D:1      | Reached skill level 1 in Stealth
   838 | D:2      | Found a white marble altar of Elyvilon.
   839 | D:2      | Found a shadowy altar of Dithmenos.
   840 | D:2      | Found a sacrificial altar of Ru.
   866 | D:2      | Reached XP level 3. HP: 26/26 MP: 3/3
   952 | D:2      | Reached skill level 2 in Stealth
  1320 | D:2      | Reached ** piety under Trog
  1781 | D:3      | Reached XP level 4. HP: 31/31 MP: 4/4
  1804 | D:3      | Reached skill level 3 in Stealth
  2080 | D:3      | Found a faded altar of an unknown god.
  2167 | D:3      | Reached skill level 4 in Stealth
  2212 | D:3      | Found an ancient bone altar of Kikubaaqudgha.
  2317 | D:3      | Reached XP level 5. HP: 36/36 MP: 5/5
  2953 | D:4      | Reached skill level 5 in Stealth
  3008 | D:4      | Reached XP level 6. HP: 26/43 MP: 6/6
  3188 | D:4      | Reached skill level 6 in Stealth
  3190 | D:4      | Noticed a sky beast
  3197 | D:4      | Slain by a sky beast

Illustrated notes

Levels and vault maps discovered:
D:1:      lightli_arrival_isolated_outpost, layout_basic, serial_shops, shop
D:2:      layout_loops_ring, chequers_temple_overflow_statue_of_worship
D:3:      minmay_skewed_foursquare, layout_basic, lemuel_doored_altar,
          chequers_ecumenical_altar_simple_redux, serial_bayou_lake_a
D:4:      layout_cave_pools

Skill      XL: |  1  2  3  4  5  6 |
---------------+-------------------+-----
Stealth        | 1 2 4 5 6 |  6.0
Dodging        | 4 |  4.0
Fighting       | |  3.9
Short Blades   | |  3.8

Action                   |  1- 3 |  4- 6 || total
-------------------------+-------+-------++-------
Melee: Short sword       |    45 |    63 ||   108
       Constrict         |     8 |    16 ||    24
       Tentacles         |     4 |    13 ||    17
Invok: Berserk           |       |     1 ||     1
 Stab: Sleeping          |    16 |     8 ||    24
Armor: Skin              |     2 |     3 ||     5
Dodge: Dodged            |    18 |    26 ||    44

Table legend: (Time is in decaauts)
 A = Elapsed time spent in this place.
 B = Non-inter-level travel time spent in this place.
 C = Inter-level travel time spent in this place.
 D = Time resting spent in this place.
 E = Time spent auto-exploring this place.
 F = Levels seen in this place.
 G = Mean time per level.
                   A        B        C        D        E       F      G
               +--------+--------+--------+--------+--------+-----+--------+
         Total |   3184 |   3129 |     55 |      0 |   2725 |   4 |  796.0 |
       Dungeon |   3184 |   3129 |     55 |      0 |   2725 |   4 |  796.0 |
               +--------+--------+--------+--------+--------+-----+--------+

Top non-repeatable levels by time:
     D:3: 1049 daAuts
     D:2: 980 daAuts
     D:1: 796 daAuts
     D:4: 358 daAuts
